 Dungeon Crawl Stone Soup version 0.26-a0-672-g1df16c3386 (webtiles) character file.

Game seed: 3068244376424190878

1945 dolemite99 the Spear-Bearer (level 9, -3/67 HPs)
             Began as a Merfolk Fighter on Oct 20, 2020.
             Was a Follower of Fedhas.
             Killed by divine providence
             ... invoked by an orc priest
              (15 damage)
             ... on level 7 of the Dungeon.
             The game lasted 00:17:04 (8496 turns).

dolemite99 the Spear-Bearer (Merfolk Fighter)       Turns: 8496, Time: 00:17:05

Health: -3/67      AC: 15    Str: 20    XL:     9   Next: 18%
Magic:  9/9        EV: 13    Int:  7    God:    Fedhas [*.....]
Gold:   209        SH: 10    Dex: 13    Spells: 8/8 levels left

rFire    . . .     SeeInvis +   a - +2 trident
rCold    + . .     Faith    .   c - +0 kite shield
rNeg     + . .     Spirit   .   z - +2 ring mail {rN+}
rPois    .         Reflect  .   v - +1 helmet
rElec    .         Harm     .   E - +0 cloak
rCorr    .         Rampage  .   s - +2 pair of gloves
MR       .....                  m - +0 pair of boots
Stlth    +.........             (no amulet)
HPRegen  0.21/turn              r - ring of protection from cold
MPRegen  0.11/turn              H - ring of see invisible

@: no status effects
A: change form in water, swift swim, stealthy swim
a: Renounce Religion


You were on level 7 of the Dungeon.
You worshipped Fedhas.
Fedhas was aware of your devotion.
You visited 1 branch of the dungeon, and saw 7 of its levels.
You also visited: Ossuary.

You collected 321 gold pieces.
You spent 112 gold pieces at shops.

Inventory:

Hand Weapons
 a - a +2 trident (weapon)
 q - a +1 dagger of draining
 w - a +0 hunting sling
 D - a +3 quarterstaff of chaos
Missiles
 f - 307 stones
 j - 8 boomerangs (quivered)
 u - 89 arrows
Armour
 c - a +0 kite shield (worn)
 m - a +0 pair of boots (worn)
 s - a +2 pair of gloves (worn)
 t - a +0 chain mail
 v - a +1 helmet (worn)
 z - a +2 ring mail of positive energy (worn)
 E - a +0 cloak (worn)
Jewellery
 b - an uncursed ring of wizardry
 g - an uncursed ring of ice
 r - a ring of protection from cold (left hand)
 y - an uncursed ring of positive energy
 H - a ring of see invisible (right hand)
Wands
 i - a wand of digging (2)
 o - a wand of paralysis (14)
Scrolls
 h - 3 scrolls of immolation
 n - 3 scrolls of teleportation
 p - 2 scrolls of magic mapping
 x - 6 scrolls of remove curse {@r2}
Potions
 d - 3 potions of flight
 e - a potion of lignification
 k - a potion of stabbing
 l - 2 potions of magic {unknown}
 C - a potion of might
 F - a potion of degeneration {unknown}
 I - 2 potions of ambrosia {unknown}


   Skills:
 - Level 4.8 Fighting
 - Level 9.3 Polearms
 + Level 2.9 Armour
 - Level 8.5 Dodging
 - Level 5.1 Shields
 - Level 4.2 Evocations


You had 8 spell levels left.
You didn't know any spells.
Your spell library contained the following spells:

 Spells                   Type           Power        Failure   Level
 Magic Dart               Conj           #...         95%         1
 Searing Ray              Conj           #.....       99%         2
 Dazzling Flash           Conj/Hex       #.....       100%        3
 Fulminant Prism          Conj/Hex       #.........   100%        4
 Iskenderun's Mystic Bla  Conj/Tloc      #.......     100%        4


Dungeon Overview and Level Annotations

Branches:
Dungeon (7/15)             Temple (0/1) D:7         Ossuary (visited)

Altars:
Cheibriados
Dithmenos
Fedhas
Hepliaklqana
Ru
Vehumet
Xom
Zin

Shops:
D:5 }   D:6 :

Annotations:
D:4 1 runed translucent door, zazu2006's ghost, novice NaWz
D:6 1 runed translucent door, Demosthentine's ghost, novice FoFi


Message History

The orc priest is heavily wounded.
The orc priest invokes the aid of Beogh against you.
Beogh smites you!
* * * LOW HITPOINT WARNING * * *
You feel better.
The iguana hisses menacingly.
You block the orc priest's attack.
Press: ? - help, Dir - move target cursor, p - orc priest
As you read the scroll of blinking, it crumbles to dust.
As you read the scroll of fog, it crumbles to dust.
The scroll dissolves into smoke.
You see here an orc corpse.
Okay, then.
Things that are here:
a +0 dagger; a +0 robe; an orc corpse You see here a bullfrog corpse.
The orc priest calls down the wrath of Beogh upon you.
Beogh smites you!
You die...
Fedhas appreciates your contribution to the ecosystem.

#l######## #............#
#o.o..§§§# ############.#
########§# #.......#.# #§#
#....##.#.#
#####§#######.#).##.#.#
#..§§§#..........##.#.#
#..§§§#.##...#.#.##.#.#
#.§.§o#....###.#..#.#.#
#§....†.@###...##.#.#^#
#......#).......#...†.#
#........##..>..##....#
######.........#........#..#
#..............##...###....#
#.####....#.....#.###...##.#
#.########......#.#....###.#
#.....####..........##. #.#
#.....'..........#.###. ..#


You could see an orc priest.

Vanquished Creatures
  Sigmund (D:3)
  Duvessa (D:6)
  An ice beast (D:5)
  A sky beast (D:6)
  An ogre (D:6)
  A centaur (D:6)
  2 bullfrogs (D:7)
  Dowan (D:6)
  A scorpion (D:4)
  2 howler monkeys (D:4)
  A centaur zombie (Ossuary)
  An orc priest (D:5)
  5 hounds
  A jelly (D:5)
  Crazy Yiuf (D:5)
  A bullfrog skeleton (D:4)
  Jessica (D:2)
  11 orc wizards
  4 worker ants
  A hound skeleton (D:4)
  2 mummies
  11 adders
  A shadow imp (D:6)
  An ufetubus (D:5)
  An ooze (D:5)
  2 adder skeletons
  3 worms
  5 dart slugs
  3 leopard geckos
  22 orcs
  A ball python (D:3)
  8 bats
  4 giant cockroaches
  8 hobgoblins
  9 jackals
  8 kobolds
  3 quokkas
  5 frilled lizards
  10 goblins
  10 hobgoblin zombies (Ossuary)
  9 kobold zombies (Ossuary)
  4 orc zombies (Ossuary)
  A quokka skeleton (D:4)
  4 rats
  A rat zombie (Ossuary)
175 creatures vanquished.

Notes
Turn   | Place    | Note
-------+----------+-------------------------------------------
     0 | D:1      | dolemite99 the Merfolk Fighter began the quest for the Orb.
     0 | D:1      | Reached XP level 1. HP: 18/18 MP: 1/1
   196 | D:1      | Reached skill level 4 in Polearms
   196 | D:1      | Reached XP level 2. HP: 22/24 MP: 2/2
   953 | D:2      | Reached skill level 5 in Polearms
   953 | D:2      | Reached XP level 3. HP: 24/29 MP: 3/3
  1312 | D:2      | Noticed Jessica
  1330 | D:2      | Killed Jessica
  1330 | D:2      | Reached skill level 6 in Polearms
  1330 | D:2      | Reached XP level 4. HP: 34/35 MP: 4/4
  1753 | D:2      | Reached skill level 7 in Polearms
  1931 | D:2      | Reached XP level 5. HP: 41/41 MP: 5/5
  2891 | D:3      | You fall into a shaft and drop 2 floors!
  2891 | D:5      | Entered Level 5 of the Dungeon
  2897 | D:5      | Reached XP level 6. HP: 47/47 MP: 6/6
  3019 | D:5      | Reached skill level 5 in Shields
  3585 | D:5      | Found Ekhluruh's Gadget Shoppe.
  3587 | D:5      | Noticed an ice beast
  3715 | D:4      | Reached XP level 7. HP: 23/55 MP: 7/7
  4111 | D:3      | Noticed Sigmund
  4221 | D:4      | Found a sand-covered staircase.
  4228 | Ossuary  | Entered an ossuary
  4511 | D:3      | Reached skill level 8 in Polearms
  5244 | D:3      | Found a snail-covered altar of Cheibriados.
  5245 | D:3      | Found a shadowy altar of Dithmenos.
  5247 | D:3      | Found a blossoming altar of Fedhas.
  5260 | D:3      | Killed Sigmund
  5260 | D:3      | Reached skill level 9 in Polearms
  5277 | D:3      | Became a worshipper of Fedhas Madash
  5342 | D:3      | Reached skill level 1 in Dodging
  5561 | D:4      | Reached XP level 8. HP: 61/61 MP: 8/8
  5669 | D:4      | Found a radiant altar of Vehumet.
  5694 | D:4      | Reached skill level 5 in Dodging
  5698 | D:4      | Found a sacrificial altar of Ru.
  5832 | D:4      | Reached skill level 1 in Evocations
  5872 | D:4      | Found a runed translucent door.
  5872 | D:4      | Noticed zazu2006's ghost (novice NaWz)
  5933 | D:4      | Found a glowing silver altar of Zin.
  6187 | D:5      | Found a shimmering altar of Xom.
  6207 | D:5      | Found a runed translucent door.
  6208 | D:5      | Noticed Crazy Yiuf
  6381 | D:5      | Bought a wand of paralysis (6) for 112 gold pieces
  6736 | D:5      | Found a hazy altar of Hepliaklqana.
  6763 | D:5      | Reached * piety under Fedhas
  7135 | D:5      | Killed Crazy Yiuf
  7515 | D:6      | Found a runed translucent door.
  7520 | D:6      | Noticed Demosthentine's ghost (novice FoFi)
  7888 | D:6      | Noticed Duvessa
  7888 | D:6      | Noticed Dowan
  7911 | D:6      | Killed Duvessa
  7911 | D:6      | Reached XP level 9. HP: 62/67 MP: 9/9
  7919 | D:6      | Killed Dowan
  7998 | D:6      | Found Gemigedy's Book Emporium.
  8262 | D:7      | Found a staircase to the Ecumenical Temple.
  8496 | D:7      | Killed from afar by an orc priest

Illustrated notes

Levels and vault maps discovered:
D:1:      minmay_arrival_solitary_statue, layout_basic, serial_corexii_hall,
          corexii_hall_statues_i, corexii_hall_statues_i
D:2:      layout_basic, uniq_jessica
D:3:      layout_loops_ring, grunt_temple_overflow_open, uniq_sigmund
D:4:      layout_basic, lemuel_crystal_altar, lemuel_round_altar,
          lemuel_doored_altar, hellmonk_ghost_happy_afterlife, enter_ossuary_1
D:5:      layout_rooms, lemuel_round_altar, serial_shops, nicolae_shop_crystal,
          basic_altar, st_stairs_8, ebering_dispersal_statue_hall,
          uniq_crazy_yiuf_cottage
D:6:      layout_loops_cross, serial_shops, nicolae_shop_stone,
          ebering_ghost_reflecting_pool, uniq_duvessa
D:7:      layout_basic, minmay_temple_entry_slanted, uniq_harold

Skill      XL: |  1  2  3  4  5  6  7  8  9 |
---------------+----------------------------+-----
Polearms       | 4 5 6 7 9 |  9.3
Shields        | 4 5 |  5.1
Fighting       | 4 |  4.8
Dodging        | 3 7 8 |  8.5
Evocations     | 4 |  4.2
Armour         | |  2.9

Action                   |  1- 3 |  4- 6 |  7- 9 || total
-------------------------+-------+-------+-------++-------
Melee: Trident           |    79 |   193 |   407 ||   679
Throw: Stone             |    39 |    47 |       ||    86
       Boomerang         |       |     1 |    53 ||    54
Evoke: Wand              |       |       |     3 ||     3
  Use: Potion            |     1 |     5 |     2 ||     8
       Scroll            |       |    11 |     8 ||    19
 Stab: Invisible         |       |       |     7 ||     7
       Paralysed         |       |       |     1 ||     1
Armor: Scale mail        |    31 |    96 |    88 ||   215
       Chain mail        |       |       |    28 ||    28
       Ring mail         |       |       |    27 ||    27
Dodge: Dodged            |    14 |    66 |   106 ||   186
Block: Kite shield       |    31 |   109 |   185 ||   325

Table legend: (Time is in decaauts)
 A = Elapsed time spent in this place.
 B = Non-inter-level travel time spent in this place.
 C = Inter-level travel time spent in this place.
 D = Time resting spent in this place.
 E = Time spent auto-exploring this place.
 F = Levels seen in this place.
 G = Mean time per level.
                   A        B        C        D        E       F      G
               +--------+--------+--------+--------+--------+-----+--------+
         Total |   8503 |   8137 |    366 |   2830 |   3409 |   8 | 1062.9 |
       Dungeon |   8233 |   7867 |    366 |   2727 |   3390 |   7 | 1176.1 |
       Ossuary |    269 |    269 |      0 |    103 |     19 |   1 |  269.0 |
               +--------+--------+--------+--------+--------+-----+--------+

Top non-repeatable levels by time:
     D:3: 1575 daAuts
     D:6: 1556 daAuts
     D:1: 1266 daAuts
     D:2: 1256 daAuts
     D:5: 1206 daAuts
     D:4: 1117 daAuts
 Ossuary: 269 daAuts
     D:7: 253 daAuts
